 Dungeon Crawl Stone Soup version 0.30-a0-691-g754fce4c43 (webtiles) character file.

Game seed: 3079283983571669566

23 Newt the Ducker (level 2, 0/22 HPs)
             Began as a Demonspawn Gladiator on Jan 19, 2023.
             Succumbed to Sigmund's poison
             ... on level 1 of the Dungeon.
             The game lasted 00:00:43 (853 turns).

Newt the Ducker (Demonspawn Gladiator)               Turns: 853, Time: 00:00:44

Health: 0/22       AC:  4    Str: 14    XL:     2   Next: 72%
Magic:  2/2        EV: 12    Int:  9    God:
Gold:   80         SH:  0    Dex: 14    Spells: 1/1 levels left

rFire   . . .      SeeInvis .    l - +2 dagger (flame)
rCold   . . .      Faith    .    (no shield)
rNeg    . . .      Spirit   .    b - +0 leather armour
rPois   .          Reflect  .    c - +0 helmet
rElec   .          Harm     .    (no cloak)
rCorr   .          Rampage  .    (no gloves)
Will    .....                    (no boots)
Stlth   ++                       (no amulet)
HPRegen 0.23/turn                (no ring)
MPRegen 0.08/turn                (no ring)

@: lethally poisoned (0 -> -17)
A: hooves 1
a: no special abilities


You were on level 1 of the Dungeon.
You visited 1 branch of the dungeon, and saw 2 of its levels.

You collected 80 gold pieces.

Inventory:

Hand Weapons
 a - a +0 rapier
 l - a +2 dagger of flaming (weapon)
Missiles
 d - 3 throwing nets (quivered)
 e - a javelin
 n - 3 boomerangs
Armour
 b - a +0 leather armour (worn)
 c - a +0 helmet (worn)
Scrolls
 f - 2 scrolls of torment {unknown}
 g - 3 scrolls of identify {unknown}
 h - a scroll of teleportation {unknown}
 j - a scroll of enchant weapon {unknown}
 m - a scroll of noise {unknown}
Potions
 i - a potion of lignification {unknown}
 k - a potion of resistance {unknown}


   Skills:
 - Level 2.0 Fighting
 - Level 2.6 Short Blades
 - Level 1.7 Throwing
 - Level 2.6 Dodging
 + Level 2.4 Stealth


You had one spell level left.
You didn't know any spells.
Your spell library was empty.

Dungeon Overview and Level Annotations

Branches:
Dungeon (2/15)

Altars:

Annotations:
D:2 Sigmund


Innate Abilities, Weirdness & Mutations

You have large cloven feet.


Message History

There are monsters nearby!
There are monsters nearby!
The kobold barely misses you.
You barely miss the kobold. Your kick misses the kobold. The kobold misses you.
Sigmund the Dreaded comes into view.
He is wielding a +2 scythe of venom.
You closely miss the kobold. The kobold hits you with a +0 dagger.
A kobold comes into view. It is wielding a +0 short sword.
The bat closely misses you. The bat attacks as you move away!
The bat hits you but does no damage. The kobold attacks as you move away!
The kobold hits you with a +0 dagger. The bat hits you but does no damage.
The bat misses you. The bat attacks as you move away! The bat hits you.
The kobold attacks as you move away! The kobold misses you. The bat hits you.
The kobold attacks as you move away! The kobold hits you but does no damage.
Sigmund gestures wildly while chanting.
Sigmund flickers and vanishes!
Deactivating autopickup; reactivate with Ctrl-A.
The bat hits you but does no damage. The kobold attacks as you move away!
The kobold hits you with a +0 dagger. The bat barely misses you.
The bat hits you but does no damage.
Things that are here:
a +0 club; a +0 sling The bat attacks as you move away!
The bat hits you but does no damage. The bat barely misses you.
The bat attacks as you move away! The bat hits you but does no damage. x2
There is a stone staircase leading up here.
The bat hits you but does no damage. The bat hits you but does no damage.
The bat misses you. x2
The bat hits you but does no damage. The kobold hits you with a +0 dagger.
Something hits you!
Ouch! That really hurt!
* * * LOW HITPOINT WARNING * * *
You are lethally poisoned!
The bat closely misses you.
You climb upwards.
Reactivating autopickup.
You die...

.....###.##..##.#.##...#####
.....##..##...###.#........#
..#####...........#)...###.#
..##............###.######.#
..##...........## #.##.....#
..##.........### #.##.#####
..##.........######.##.#
...#####............##.#
##..............@#####.#
.......#.......K.# #.#
~~~~~P.#.###.....# #.#
~~~≈≈~.#.# #.....# #.#
~~~≈≈~.#.# #.....#####.###
≈~~~~P.#.# #.....##......#
.........# #.....##......#
~~~~~P...# #.............#
~~~≈~≈..)# #####.##.....##


You could see a kobold.

Vanquished Creatures
  2 endoplasms (D:1)
  A goblin (D:2)
  A hobgoblin (D:1)
  4 jackals (D:1)
  3 quokkas (D:1)
  3 ball pythons (D:1)
  A kobold (D:1)
  6 rats (D:1)
21 creatures vanquished.

Notes
Turn   | Place    | Note
-------+----------+-------------------------------------------
     0 | D:1      | Newt the Demonspawn Gladiator began the quest for the Orb.
     0 | D:1      | Reached XP level 1. HP: 16/16 MP: 1/1
   130 | D:1      | Reached skill level 1 in Stealth
   242 | D:1      | Gained mutation: You have large cloven feet. [demonic
                  | ancestry]
   242 | D:1      | Reached XP level 2. HP: 22/22 MP: 2/2
   830 | D:2      | Noticed Sigmund
   853 | D:1      | Succumbed to Sigmund's poison

Illustrated notes

Levels and vault maps discovered:
D:1:      giann_bridges, layout_basic, minmay_cupped
D:2:      minmay_chambers_of_ones, layout_loops_ring, minmay_hexomino_f4,
          uniq_sigmund

Skill      XL: |  1  2 |
---------------+-------+-----
Stealth        | 1 2 |  2.4
Fighting       | |  2.0
Short Blades   | |  2.6
Throwing       | |  1.7
Dodging        | |  2.6

Action                   || total
-------------------------++-------
Melee: Rapier            ||    13
       Dagger            ||    40
       Kick              ||     3
 Stab: Sleeping          ||     1
Armor: Leather armour    ||    26
Dodge: Dodged            ||    46

Table legend: (Time is in decaauts)
 A = Elapsed time spent in this place.
 B = Non-inter-level travel time spent in this place.
 C = Inter-level travel time spent in this place.
 D = Time resting spent in this place.
 E = Time spent auto-exploring this place.
 F = Levels seen in this place.
 G = Mean time per level.
                   A        B        C        D        E       F      G
               +--------+--------+--------+--------+--------+-----+--------+
         Total |    853 |    809 |     44 |    165 |    511 |   2 |  426.5 |
       Dungeon |    853 |    809 |     44 |    165 |    511 |   2 |  426.5 |
               +--------+--------+--------+--------+--------+-----+--------+

Top non-repeatable levels by time:
     D:1: 803 daAuts
     D:2: 49 daAuts
